 Dungeon Crawl Stone Soup version 0.28.0-45-g0d030f2227 (console) character file.

Game seed: 14799837832259170677

1698 Zeor the Stinger (level 9, -1/51 HPs)
             Began as a Gargoyle Venom Mage on Apr 7, 2022.
             Splashed by a jelly's acid (7 damage)
             ... on level 6 of the Dungeon.
             The game lasted 00:23:59 (7553 turns).

Zeor the Stinger (Gargoyle Venom Mage)              Turns: 7553, Time: 00:24:00

Health: -1/51      AC: -2    Str: 11    XL:     9   Next: 3%
Magic:  16/26      EV: 12    Int: 21    God:
Gold:   165        SH:  0    Dex: 10    Spells: 9/19 levels left

rFire   + . .      SeeInvis .   a - +2 dagger (flame)
rCold   . . .      Faith    .   (no shield)
rNeg    + . .      Spirit   .   g - +1 robe
rPois   ∞          Reflect  .   (no helmet)
rElec   +          Harm     .   z - scarf {shadows}
rCorr   .          Rampage  .   (no gloves)
Will    .....                   (no boots)
Stlth   ++........              p - amulet of the acrobat
HPRegen 0.17/turn               f - ring of magical power
MPRegen 0.20/turn               s - ring of protection from fire

@: corroded
A: sickness immunity, AC +6, negative energy resistance 1, electricity
resistance, torment resistance 1, petrification resistance
a: no special abilities


You were on level 6 of the Dungeon.
You visited 1 branch of the dungeon, and saw 6 of its levels.

You collected 381 gold pieces.
You spent 216 gold pieces at shops.

Inventory:

Hand Weapons
 a - a +2 dagger of flaming (weapon)
 b - a +2 dagger of venom
 c - a +0 dagger
 i - a +2 dagger of freezing
Missiles
 m - 102 arrows
 v - 30 bolts
Armour
 g - a +1 robe (worn)
 z - a scarf of shadows (worn)
Jewellery
 f - a ring of magical power (left hand)
 p - an amulet of the acrobat (around neck)
 s - a ring of protection from fire (right hand)
Wands
 h - a wand of mindburst (15)
 w - a wand of flame (24)
Scrolls
 d - 4 scrolls of teleportation
 k - a scroll of blinking
 q - a scroll of immolation
 r - a scroll of fog
 u - a scroll of magic mapping
 y - a scroll of vulnerability
Potions
 e - 2 potions of ambrosia
 j - 2 potions of mutation
 l - a potion of haste
 n - a potion of lignification
 o - a potion of curing
 t - a potion of attraction


   Skills:
 * Level 3.5 Fighting
 + Level 3.0 Short Blades
 + Level 3.0 Dodging
 + Level 3.5 Stealth
 + Level 0.2 Unarmed Combat
 * Level 5.9 Spellcasting
 + Level 0.3 Conjurations
 + Level 1.9 Transmutations
 + Level 1.3 Air Magic
 + Level 6.6 Poison Magic


You had 9 spell levels left.
You knew the following spells:

 Your Spells              Type           Power      Damage    Failure   Level
a - Sting                 Tmut/Pois      96%        1d7       1%          1
b - Poisonous Vapours     Pois/Air       46%        N/A       3%          2
c - Mephitic Cloud        Conj/Pois/Air  17%        N/A       10%         3
d - Olgreb's Toxic Radia  Pois           34%        N/A       6%          4

Your spell library contained the following spells:

 Spells                   Type           Power      Damage    Failure   Level
 Corpse Rot               Necr/Air       18%        N/A       12%         2
 Tukima's Dance           Hex            6%         N/A       30%         3
 Passage of Golubria      Tloc           6%         N/A       69%         4
 Yara's Violent Unravell  Hex/Tmut       5%         3d4       88%         5


Dungeon Overview and Level Annotations

Branches:
Dungeon (6/15)
 Temple: D:4-7

Altars:
Fedhas
Hepliaklqana
Uskayaw
Xom

Shops:
D:6 ?


Innate Abilities, Weirdness & Mutations

You are immune to sickness and miasma.
Your stone body is resilient. (AC +6)
You are immune to poison.
You resist negative energy. (rN+)
You are resistant to electric shocks. (rElec)
You are resistant to unholy torment.
You are immune to petrification.


Message History

The black bear is severely wounded.
The black bear is engulfed in noxious fumes.
The black bear appears confused.
The black bear bites you. The black bear closely misses you.
The black bear claws you but does no damage.
The black bear bites itself.
The black bear claws itself. x2
You hit the black bear. You burn the black bear.
You kill the black bear!
Your Short Blades skill increases to level 3!
Your Dodging skill increases to level 3!
You have reached level 9!
Your experience leads to an increase in your attributes!
Increase (S)trength, (I)ntelligence, or (D)exterity?
You feel clever. x2
You hit the jelly. You burn the jelly. The acid corrodes you!
Your hands burn!
The jelly is moderately wounded.
The jelly hits you.
You are splashed with acid!
You hit the jelly but do no damage.
Your hands burn!
The jelly is moderately wounded.
The jelly hits you. The acid corrodes you!
You are splashed with acid!
You hit the jelly. You burn the jelly.
Your hands burn!
The jelly is severely wounded.
The jelly misses you.
You barely miss the jelly.
The jelly is severely wounded.
The jelly hits you but does no damage.
You hit the jelly but do no damage.
Your hands burn!
The jelly is severely wounded.
The jelly barely misses you.
You hit the jelly but do no damage. The acid corrodes you!
Your hands burn!
* * * LOW HITPOINT WARNING * * *
You punch the jelly, but do no damage.
The jelly is severely wounded.
You hit the jelly. You burn the jelly.
Your hands burn!
* * * LOW HITPOINT WARNING * * *
The jelly is severely wounded.
The jelly hits you.
* * * LOW HITPOINT WARNING * * *
You are splashed with acid!
You die... ∙∙∙ ∙∙ ∙∙∙▒ ∙∙∙ ∙∙∙ ∙∙∙▒ ∙∙∙ ▒▒▒∙▒▒▒▒▒▒▒▒▒∙∙▒ ∙∙∙ ▒▒▒∙▒∙▒∙∙∙∙∙∙▒▒∙∙▒ ∙∙∙∙∙∙

▒∙∙∙▒∙▒▒[∙∙▒∙∙▒∙∙▒ ∙∙∙∙▒
▒▒∙∙∙▒∙∙▒▒∙▒▒▒▒▒∙∙▒ ▒∙∙∙▒▒▒
▒∙∙∙c▒∙∙∙▒'▒∙∙∙∙∙∙▒ ∙∙∙∙∙▒▒
∙▒∙∙∙J▒∙▒∙∙∙∙∙∙▒▒∙∙▒
▒▒▒∙∙∙∙∙▒ ∙▒ ▒▒9∙▒▒∙▒▒∙▒▒▒∙▒▒
▒∙∙∙∙∙∙▒▒▒∙▒▒▒▒∙∙∙∙▒▒▒∙∙▒∙▒∙▒
∙∙∙∙∙∙∙∙▒∙∙∙∙∙∙∙▒▒▒∙∙∙∙▒'∙▒∙▒
∙∙∙∙∙∙∙∙∙∙∙▒▒▒▒∙∙∙∙▒▒▒∙∙▒∙▒∙▒
∙∙∙∙∙∙∙∙∙∙∙▒ ▒▒∙∙▒▒∙▒▒∙▒▒▒∙▒
∙∙∙∙∙∙∙∙∙∙∙▒ ▒∙▒∙"∙∙∙∙▒▒∙▒
∙∙∙∙∙∙∙∙∙∙∙▒ ▒∙∙∙▒'▒∙∙∙∙∙▒
∙∙∙∙∙∙∙∙∙∙∙▒ ▒∙∙▒▒∙▒▒▒▒▒∙▒
∙∙∙∙∙▒∙∙∙∙∙▒ ▒∙▒▒∙∙[▒∙∙▒∙▒


You could see a centaur (very poisoned) and a jelly.

Vanquished Creatures
  An orc warrior (D:6)
  2 black bears (D:6)
  2 ice beasts
  An ogre (D:5)
  2 centaurs
  A phantom (D:6)
  A scorpion (D:4)
  2 water moccasin skeletons
  A howler monkey (D:4)
  A bullfrog zombie (D:6)
  A jelly (D:5)
  A hound (D:6)
  A centaur zombie (D:6)
  4 bullfrog skeletons
  A centaur skeleton (D:4)
  Terence (D:2)
  2 iguanas (D:5)
  4 orc wizards
  3 hound skeletons
  Robin (D:2)
  2 howler monkey skeletons
  8 adders
  A shadow imp (D:6)
  An ufetubus (D:5)
  An adder skeleton (D:4)
  A worm (D:2)
  4 dart slugs
  14 orcs
  6 endoplasms
  2 giant cockroaches
  15 goblins
  4 hobgoblins
  10 jackals
  3 quokkas
  6 ball pythons
  2 bats
  3 frilled lizards
  11 kobolds
  5 rats
132 creatures vanquished.

Vanquished Creatures (others)
  An orc wizard (D:5)
1 creature vanquished.

Grand Total: 133 creatures vanquished

Notes
Turn   | Place    | Note
-------+----------+-------------------------------------------
     0 | D:1      | Zeor the Gargoyle Venom Mage began the quest for the Orb.
     0 | D:1      | Reached XP level 1. HP: 10/10 MP: 3/3
   282 | D:1      | Reached XP level 2. HP: 15/15 MP: 3/5
   327 | D:1      | Learned a level 2 spell: Poisonous Vapours
   935 | D:1      | Reached XP level 3. HP: 19/19 MP: 3/6
   985 | D:1      | Learned a level 3 spell: Mephitic Cloud
  1498 | D:2      | You fall into a shaft and drop 1 floor!
  1515 | D:3      | Reached skill level 4 in Poison Magic
  1570 | D:3      | Reached skill level 1 in Transmutations
  1646 | D:3      | Reached XP level 4. HP: 17/24 MP: 7/7
  1808 | D:3      | Found a shimmering altar of Xom.
  1957 | D:3      | Reached XP level 5. HP: 15/28 MP: 9/9
  2237 | D:2      | Learned a level 4 spell: Olgreb's Toxic Radiance
  2303 | D:2      | Found a faded altar of an unknown god.
  2450 | D:2      | Noticed Terence
  2451 | D:2      | Noticed Robin
  2468 | D:2      | Killed Terence
  2676 | D:2      | Killed Robin
  3410 | D:3      | Reached XP level 6. HP: 21/32 MP: 11/11
  3813 | D:4      | Reached skill level 5 in Poison Magic
  4369 | D:4      | Reached skill level 1 in Short Blades
  4369 | D:4      | Reached XP level 7. HP: 37/37 MP: 12/12
  4693 | D:5      | Entered Level 5 of the Dungeon
  4707 | D:5      | Reached skill level 1 in Fighting
  5475 | D:5      | Reached skill level 6 in Poison Magic
  5602 | D:5      | Reached XP level 8. HP: 38/44 MP: 14/14
  5725 | D:5      | Reached skill level 1 in Air Magic
  6477 | D:6      | Found Dunizxub's Magic Scroll Boutique.
  6503 | D:6      | Bought a scroll of fog for 24 gold pieces
  6503 | D:6      | Bought a scroll of teleportation for 36 gold pieces
  6503 | D:6      | Bought a scroll of identify for 24 gold pieces
  6503 | D:6      | Bought a scroll of enchant weapon for 90 gold pieces
  6503 | D:6      | Bought a scroll of magic mapping for 42 gold pieces
  6575 | D:6      | Found a blossoming altar of Fedhas.
  6580 | D:6      | Found a hazy altar of Hepliaklqana.
  6584 | D:6      | Found a hide-covered altar of Uskayaw.
  6693 | D:6      | Reached skill level 5 in Spellcasting
  7547 | D:6      | Reached XP level 9. HP: 48/51 MP: 15/17
  7553 | D:6      | Splashed by a jelly's acid

Illustrated notes

Levels and vault maps discovered:
D:1:      pf_arrival_petrified_forest, layout_loops_ring
D:2:      layout_loops_corners, shapermc_ecumenical_altar_starsandcircs,
          uniq_terence, uniq_robin
D:3:      layout_loops_ring, old_standard_altar
D:4:      layout_loops_cross, kennysheep_small_square
D:5:      layout_basic
D:6:      layout_cave_pools, minmay_overflow_temple_star_quad, serial_shops,
          nicolae_shop_window_shopping, minmay_pentangle

Skill      XL: |  1  2  3  4  5  6  7  8 |
---------------+-------------------------+-----
Poison Magic   | 4 5 6 |  6.6
Transmutations | 1 |  1.9
Spellcasting   | 3 4 5 |  5.9
Dodging        | 2 3 |  3.0
Short Blades   | 1 2 3 |  3.0
Fighting       | 2 3 |  3.5
Stealth        | 3 |  3.5
Air Magic      | 1 |  1.3
Unarmed Combat | |  0.2
Conjurations   | |  0.3

Action                   |  1- 3 |  4- 6 |  7- 9 || total
-------------------------+-------+-------+-------++-------
Melee: Unarmed           |     7 |       |       ||     7
       Dagger            |    49 |   125 |   195 ||   369
       Punch             |     2 |       |     3 ||     5
 Cast: Sting             |    37 |    54 |    23 ||   114
       Poisonous Vapours |     1 |     5 |     1 ||     7
       Mephitic Cloud    |       |     4 |     4 ||     8
       Olgreb's Toxic Ra |       |     2 |    11 ||    13
  Use: Scroll            |     1 |     7 |     9 ||    17
       Potion            |       |       |     1 ||     1
 Stab: Sleeping          |     3 |     2 |     1 ||     6
Armor: Robe              |    18 |    46 |    94 ||   158
Dodge: Dodged            |    48 |    87 |   163 ||   298
